 Dungeon Crawl Stone Soup version 0.28.0 (webtiles) character file.

Game seed: 2045450216084224031

83 arthad the Bolt Thrower (level 4, -3/27 HPs)
             Began as a Kobold Hunter on Feb 13, 2022.
             Slain by an orc (9 damage)
             ... on level 3 of the Dungeon.
             The game lasted 00:02:36 (1611 turns).

arthad the Bolt Thrower (Kobold Hunter)             Turns: 1611, Time: 00:02:37

Health: -3/27      AC:  3    Str:  9    XL:     4   Next: 71%
Magic:  4/4        EV: 15    Int: 12    God:
Gold:   148        SH:  0    Dex: 17    Spells: 3/3 levels left

rFire   . . .      SeeInvis .   a - +1 hand crossbow
rCold   . . .      Faith    .   (no shield)
rNeg    . . .      Spirit   .   c - +0 leather armour
rPois   .          Reflect  .   (no helmet)
rElec   .          Harm     .   (no cloak)
rCorr   .          Rampage  .   (no gloves)
Will    .....                   (no boots)
Stlth   +++.......              (no amulet)
HPRegen 0.09/turn               (no ring)
MPRegen 0.09/turn               (no ring)

@: no status effects
A: small, no large weapons, nightstalker 3
a: no special abilities


You were on level 3 of the Dungeon.
You visited 1 branch of the dungeon, and saw 3 of its levels.

You collected 148 gold pieces.

Inventory:

Hand Weapons
 a - a +1 hand crossbow (weapon)
 b - a +0 short sword
Armour
 c - a +0 leather armour (worn)
 g - a +0 kite shield
Scrolls
 i - 3 scrolls of brand weapon {unknown}
 j - 2 scrolls of identify {unknown}
 k - a scroll of immolation {unknown}
Potions
 e - a potion of degeneration {unknown}
 f - a potion of berserk rage {unknown}
 h - 2 potions of curing {unknown}


   Skills:
 + Level 2.8 Fighting
 * Level 5.6 Crossbows
 + Level 1.0 Armour
 + Level 3.1 Dodging
 + Level 2.5 Stealth


You had 3 spell levels left.
You didn't know any spells.
Your spell library was empty.

Dungeon Overview and Level Annotations

Branches:
Dungeon (3/15)

Altars:
Hepliaklqana


Innate Abilities, Weirdness & Mutations

You are small and have problems with some larger weapons.
You are completely attuned to the shadows.


Message History

You kill the orc!
You shoot a bolt. The bolt barely misses the orc.
An orc comes into view. It is wielding a +0 whip.
The orc misses you.
You shoot a bolt.
The bolt hits the orc but does no damage.
The orc misses you.
You shoot a bolt. The bolt closely misses the orc.
The orc hits you but does no damage.
You shoot a bolt. The bolt hits the orc.
The orc is heavily wounded.
The orc hits you with a +0 flail! The orc hits you with a +0 whip.
You shoot a bolt.
The bolt hits the orc but does no damage.
The orc is heavily wounded.
The orc closely misses you. The orc hits you with a +0 whip.
The orc hits you with a +0 flail.
* * * LOW HITPOINT WARNING * * *
You are too injured to fight recklessly!
You are too injured to fight recklessly!
You are too injured to fight recklessly!
You see here a +0 dagger.
There is an open door here.
You are too injured to fight recklessly!
Fire: 3 bolts
Press: ? - help, Q - select action Shift-Dir - straight line, f - orc, p - orc
Aim: an orc, wielding a +0 flail and wearing a +0 ring mail (70% to hit)
You shoot a bolt. The bolt hits the orc.
You kill the orc!
Fire: 2 bolts
Press: ? - help, Q - select action Shift-Dir - straight line, f/p - orc
Aim: an orc, wielding a +0 flail and wearing a +0 ring mail (70% to hit)
You shoot a bolt. The bolt barely misses the orc.
The orc closely misses you.
Fire: bolt
Press: ? - help, Q - select action Shift-Dir - straight line, f/p - orc
Aim: an orc, wielding a +0 flail and wearing a +0 ring mail (70% to hit)
You shoot a bolt. The bolt barely misses the orc.
The orc hits you with a +0 flail!
You die...

...# ##'#........
##.# #......##.#.
≈'.# #....### ##
≈#.# #...##♣.♣# ≈#.#
##+## (>(.## #.#
...(.## ##.####
###(.(# ......#
##.##♣o♣
......##+##...##@##
#######...........#
##### #...........#
....# #...........#
....###.............
....†...(...........
...........####.
...........#
##.........#


You could see an orc.

Vanquished Creatures
  3 adders
  2 dart slugs
  3 orcs (D:3)
  4 endoplasms (D:1)
  5 giant cockroaches
  7 hobgoblins
  A quokka (D:1)
  4 ball pythons
  2 bats
  4 frilled lizards (D:2)
  4 goblins (D:2)
  4 kobolds
  4 rats
47 creatures vanquished.

Notes
Turn   | Place    | Note
-------+----------+-------------------------------------------
     0 | D:1      | arthad the Kobold Hunter began the quest for the Orb.
     0 | D:1      | Reached XP level 1. HP: 12/12 MP: 1/1
    86 | D:1      | Reached skill level 5 in Crossbows
   115 | D:1      | Reached XP level 2. HP: 17/17 MP: 2/2
   552 | D:1      | Reached XP level 3. HP: 22/22 MP: 3/3
  1190 | D:2      | Reached XP level 4. HP: 27/27 MP: 4/4
  1238 | D:2      | Reached skill level 1 in Armour
  1536 | D:3      | Found a hazy altar of Hepliaklqana.
  1611 | D:3      | Slain by an orc

Illustrated notes

Levels and vault maps discovered:
D:1:      shiori_arrival_elements, layout_basic
D:2:      layout_rooms, minivault_27
D:3:      layout_basic, lemuel_crystal_altar, general_overflow_altar,
          ebering_ecumenical_altar_petrified, grunt_ministairs_8,
          hangedman_feature_mirror

Skill      XL: |  1  2  3  4 |
---------------+-------------+-----
Crossbows      | 5 |  5.6
Stealth        | 2 |  2.5
Dodging        | 3 |  3.1
Armour         | 1 |  1.0
Fighting       | |  2.8

Action                   |  1- 3 |  4- 6 || total
-------------------------+-------+-------++-------
 Fire: Hand crossbow     |    55 |    38 ||    93
Armor: Leather armour    |       |     2 ||     2
Dodge: Dodged            |    10 |    12 ||    22
